 Dungeon Crawl Stone Soup version 0.20-a0-1006-ge6c5631 (webtiles) character file.

447 FastMan the Shield-Bearer (level 7, 55/55 HPs)
             Began as a Formicid Fighter on Apr 14, 2017.
             Quit the game on level 4 of the Dungeon.
             The game lasted 00:02:13 (2610 turns).

FastMan the Shield-Bearer (Formicid Fighter)        Turns: 2610, Time: 00:02:14

Health: 55/55      AC: 10    Str: 20    XL:     7   Next: 24%
Magic:  7/7        EV:  6    Int:  8    God:
Gold:   196        SH: 10    Dex: 12    Spells: 6/6 levels left

rFire    + . .     SeeInvis +   a - +0 war axe
rCold    . . .     Gourm    .   c - +0 shield
rNeg     . . .     Faith    .   r - +0 chain mail
rPois    .         Spirit   .   (helmet unavailable)
rElec    .         Reflect  .   (no cloak)
rCorr    .         Harm     .   v - +0 pair of gloves
MR       .....                  (no boots)
Stlth    ..........             h - amulet of regeneration
Regen    0.6/turn               t - ring of protection from fire
MPRegen  0.1/turn               (no ring)

@: no status effects
A: permanent stasis, dig shafts and tunnels, four strong arms, antennae 3
a: Dig, Shaft Self


You were on level 4 of the Dungeon.
You were hungry.

You visited 2 branches of the dungeon, and saw 5 of its levels.

You collected 196 gold pieces.

Inventory:

Hand Weapons
 a - a +0 war axe (weapon)
Armour
 b - a +0 scale mail
 c - a +0 shield (worn)
 k - a +0 chain mail
 r - a +0 chain mail (worn)
 v - a +0 pair of gloves (worn)
Jewellery
 h - an amulet of regeneration (around neck)
 t - a ring of protection from fire (left hand)
Scrolls
 g - a scroll of amnesia {unknown}
 i - a scroll of enchant armour {unknown}
Potions
 d - 2 potions of might {@q4}
 e - 2 potions of heal wounds {unknown}
 j - a potion of lignification {unknown}
 l - 4 potions of curing {unknown}
 m - 2 potions of invisibility {unknown}
 o - a potion of flight {unknown}
 p - a potion of agility {unknown}
 q - a potion of degeneration {unknown}
 x - a potion of brilliance {unknown}
Comestibles
 f - 5 bread rations {@e1}
 n - a royal jelly {@e3}
 s - a meat ration {@e2}


   Skills:
 + Level 4.6 Fighting
 * Level 4.9 Axes
 + Level 4.6 Armour
 + Level 5.2 Shields


You had 6 spell levels left.
You didn't know any spells.

Dungeon Overview and Level Annotations

Branches:
Dungeon (4/15)             Temple (1/1) D:4

Altars:
Ashenzari
Cheibriados
Dithmenos
Elyvilon
Hepliaklqana
Kikubaaqudgha
Qazlal
Ru
Trog
Uskayaw
Xom
Yredelemnul
The Shining One


Innate Abilities, Weirdness & Mutations

You cannot be hasted, slowed, berserked, paralysed or teleported.
You can dig through walls and to a lower floor.
Your four strong arms can wield two-handed weapons with a shield.
You have a pair of large antennae on your head. (SInv)


Message History

No target in view!
There is a stone staircase leading down here.
You see here a short sword.
Found a scroll of teleportation.
No target in view!
You see here a scroll of teleportation {@r3}.
Done exploring.
No target in view!
Done exploring.
No target in view!
No target in view!
No target in view!
No target in view!
No target in view!
No target in view!
Done exploring.
No target in view!
Done exploring.
No target in view!
Are you sure you want to abandon this character and quit the game? (Confirm with "yes".)

####### ......#
......# #########
......# #.......#
(.....###.......###
.......>........@.#
...######.......###
...# ####.......#
...# #..........#
...###....##.####
).........##.#
...###....##.# <.##
#....##.#
..####.#..##.#


There were no monsters in sight!

Vanquished Creatures
  2 bullfrog skeletons
  2 orc priests (D:3)
  Jessica (D:2)
  Natasha (D:2)
  3 worker ants (D:4)
  3 orc wizards (D:3)
  5 adders
  An ooze (D:1)
  An adder skeleton (D:3)
  2 adder zombies (D:3)
  4 dart slugs
  A leopard gecko (D:4)
  3 orcs (D:3)
  5 bats
  5 giant cockroaches
  3 hobgoblins
  6 jackals
  6 kobolds
  2 quokkas (D:3)
  4 goblins
  A jackal zombie (D:3)
  A leopard gecko skeleton (D:3)
  A leopard gecko zombie (D:3)
  A quokka zombie (D:3)
  3 rats
67 creatures vanquished.

Notes
Turn   | Place    | Note
-------+----------+-------------------------------------------
     0 | D:1      | FastMan the Formicid Fighter began the quest for the Orb.
     0 | D:1      | Reached XP level 1. HP: 18/18 MP: 1/1
   167 | D:1      | Reached XP level 2. HP: 13/24 MP: 2/2
   313 | D:1      | Reached XP level 3. HP: 21/29 MP: 3/3
   498 | D:1      | Reached skill level 4 in Shields
   548 | D:2      | Noticed Jessica
   559 | D:2      | Killed Jessica
   559 | D:2      | Reached XP level 4. HP: 8/37 MP: 4/4
  1370 | D:2      | Noticed Natasha
  1388 | D:2      | Killed Natasha
  1388 | D:2      | Reached XP level 5. HP: 29/42 MP: 5/5
  1678 | D:3      | Found a white marble altar of Elyvilon.
  1814 | D:3      | Reached XP level 6. HP: 46/48 MP: 6/6
  1930 | D:3      | Reached skill level 5 in Shields
  2044 | D:4      | Reached XP level 7. HP: 55/55 MP: 7/7
  2113 | D:4      | Found a staircase to the Ecumenical Temple.
  2122 | Temple   | Entered the Ecumenical Temple
  2289 | D:4      | Found a basalt altar of Yredelemnul.
  2289 | D:4      | Found a faded altar of an unknown god.
  2295 | D:4      | Found a shattered altar of Ashenzari.
  2297 | D:4      | Found a hide-covered altar of Uskayaw.
  2299 | D:4      | Found a bloodstained altar of Trog.
  2610 | D:4      | Quit the game

Vault maps used:
D:1:      sevenhm_arrival_forest_fort_large_2
D:2:      first_bread, uniq_jessica, uniq_natasha
D:3:      serial_undead, serial_undead_b, serial_undead_a, serial_undead_c,
          serial_undead_e, serial_undead_f, serial_undead_c, glass_columns_a,
          elyvilon_altar_1
D:4:      chequers_temple_overflow_minitemple, minmay_temple_entry_trees
Temple:   nicolae_temple_figure_zero

Skill      XL: |  1  2  3  4  5  6 |
---------------+-------------------+-----
Shields        | 4 5 |  5.2
Axes           | 3 4 |  4.9
Fighting       | 4 |  4.6
Armour         | 4 |  4.6

Action                   |  1- 3 |  4- 6 |  7- 9 || total
-------------------------+-------+-------+-------++-------
Melee: War axe           |    56 |   180 |    25 ||   261
  Use: Scroll            |       |     6 |       ||     6
  Eat: Chunk             |       |     4 |     1 ||     5
Armor: Scale mail        |    16 |       |       ||    16
       Chain mail        |    18 |   109 |    11 ||   138
Dodge: Dodged            |    16 |    58 |     3 ||    77
Block: Shield            |    30 |   140 |    15 ||   185
